 Dungeon Crawl Stone Soup version 0.19-a0-1341-g3513869 (webtiles) character file.

169 Amnesiac the Magician (level 5, -2/28 HPs)
             Began as a Deep Elf Necromancer on Sept 2, 2016.
             Slain by a scorpion (8 damage)
             ... on level 4 of the Dungeon.
             The game lasted 00:03:00 (1838 turns).

Amnesiac the Magician (Deep Elf Necromancer)        Turns: 1838, Time: 00:03:00

Health: -2/28      AC:  4    Str:  5    XL:     5   Next: 25%
Magic:  0/15       EV: 13    Int: 20    God:
Gold:   71         SH:  0    Dex: 16    Spells: 4 memorised, 5 levels left

rFire  . . .     SeeInvis .     (no weapon)
rCold  . . .     Gourm    .     a - +0 robe
rNeg   . . .     Faith    .     (no shield)
rPois  .         Spirit   .     f - +0 helmet
rElec  .         Dismiss  .     (no cloak)
rCorr  .         Reflect  .     e - +0 pair of gloves
MR     .....     Harm     .     (no boots)
Stlth  +++.......               (no amulet)
                                (no ring)
                                i - ring of stealth

@: no status effects
A: no striking features
a: no special abilities


You were on level 4 of the Dungeon.
You were not hungry.

You visited 1 branch of the dungeon, and saw 4 of its levels.

You collected 71 gold pieces.

Inventory:

Armour
 a - a +0 robe (worn)
 e - a +0 pair of gloves (worn)
 f - a +0 helmet (worn)
Jewellery
 i - a ring of stealth (left hand)
Scrolls
 g - a scroll of enchant weapon {unknown}
 m - 2 scrolls of amnesia {unknown}
 p - a scroll of identify {unknown}
 q - 2 scrolls of enchant armour {unknown}
 r - 3 scrolls of remove curse {unknown}
Potions
 d - 2 potions of flight {unknown}
 h - a potion of agility {unknown}
 j - 2 potions of curing {unknown}
 k - 2 potions of invisibility {unknown}
 l - a potion of might {unknown}
 o - a potion of lignification {unknown}
Books
 b - a book of Necromancy

   Spells                             Type                      Level
   a - Pain                           Necromancy                   1
   b - Animate Skeleton               Necromancy                   1
   c - Vampiric Draining              Necromancy                   3
   d - Regeneration                   Charms/Necromancy            3
   e - Animate Dead                   Necromancy                   4
   f - Control Undead                 Necromancy                   4
Comestibles
 c - 3 bread rations
 n - 7 chunks of flesh


   Skills:
 - Level 2.4 Dodging
 - Level 2.4 Stealth
 - Level 6.3 Spellcasting
 + Level 6.0 Necromancy


You had 5 spell levels left.
You knew the following spells:

 Your Spells              Type           Power        Failure   Level  Hunger
a - Control Undead        Necr           ####......   10%         4    ####...
f - Vampiric Draining     Necr           ####......   2%          3    ##.....
r - Regeneration          Chrm/Necr      ###.......   10%         3    ##.....
z - Pain                  Necr           ####         1%          1    None


Dungeon Overview and Level Annotations

Branches:
Dungeon (4/15)
 Temple: D:4-7

Altars:


Message History

Press: ? - help, Shift-Dir - straight line, f - scorpion
Aim: a scorpion (chance to defeat MR: 84%)
The scorpion writhes in agony!
The scorpion stings you.
A giant newt comes into view.
Casting: Pain
Confirm with . or Enter, or press ? or * to list all spells.
Aiming: Pain
Press: ? - help, Shift-Dir - straight line, f/p - scorpion
Aim: a scorpion (moderately wounded, chance to defeat MR: 84%)
The scorpion writhes in agony!
The giant newt hisses angrily.
The scorpion stings you!
* * * LOW HITPOINT WARNING * * *
Casting: Pain
Confirm with . or Enter, or press ? or * to list all spells.
Aiming: Pain
Press: ? - help, Shift-Dir - straight line, f/p - scorpion
Aim: a scorpion (almost dead, chance to defeat MR: 84%)
The scorpion writhes in agony!
The scorpion stings you!
You die...

.......##........#
...######.†......# ...#
#...........#
..####.##........#
.)##..)......###.. #
.........##### .# #.##
...##.#.## ..... ...#..#.#
########..l...
..##.##.#####...@s.>..#
.....##.##.....#######....
..##.........### .
.###.##.###.##
.....##.#...#
.##.......########
........#.........
#.(.....#.########
#...[.....#


You could see a scorpion and a giant newt.

Vanquished Creatures
  Blork the orc (D:4)
  A worker ant (D:4)
  An adder (D:2)
  3 worms (D:2)
  3 dart slugs (D:2)
  2 giant cockroaches (D:1)
  6 goblins
  10 hobgoblins
  8 kobolds
  2 quokkas (D:4)
  4 bats
  3 giant newts
  6 rats
50 creatures vanquished.

Vanquished Creatures (collateral kills)
  A worker ant (D:4)
1 creature vanquished.

Grand Total: 51 creatures vanquished

Notes
Turn   | Place    | Note
-------+----------+-------------------------------------------
     0 | D:1      | Amnesiac the Deep Elf Necromancer began the quest for the Orb.
     0 | D:1      | Reached XP level 1. HP: 10/10 MP: 6/6
    68 | D:1      | Reached skill level 5 in Necromancy
    73 | D:1      | Reached XP level 2. HP: 6/15 MP: 1/8
   993 | D:2      | Reached XP level 3. HP: 18/19 MP: 6/10
   998 | D:2      | Learned a level 3 spell: Vampiric Draining
  1008 | D:2      | Learned a level 3 spell: Regeneration
  1440 | D:2      | Reached XP level 4. HP: 6/24 MP: 3/12
  1678 | D:4      | Learned a level 4 spell: Control Undead
  1742 | D:4      | Reached skill level 5 in Spellcasting
  1821 | D:4      | Noticed Blork the orc
  1833 | D:4      | Killed Blork the orc
  1833 | D:4      | Reached XP level 5. HP: 21/28 MP: 2/15
  1838 | D:4      | Slain by a scorpion

Vault maps used:
D:1:      dpeg_arrival_simpleton_c, minmay_cut_off
D:2:      lemuel_blue_sif_altar
D:3:      first_bread, uniq_iyjb
D:4:      uniq_blork_the_orc

Skill      XL: |  1  2  3  4 |
---------------+-------------+-----
Necromancy     | 5 6 |  6.0
Spellcasting   | 4 6 |  6.3
Dodging        | |  2.4
Stealth        | |  2.4

Action                   |  1- 3 |  4- 6 || total
-------------------------+-------+-------++-------
Melee: Unarmed           |     1 |       ||     1
 Cast: Pain              |    72 |    18 ||    90
       Control Undead    |       |     2 ||     2
       Vampiric Draining |       |     2 ||     2
  Eat: Chunk             |     1 |     2 ||     3
Armor: Robe              |     3 |       ||     3
Dodge: Dodged            |     2 |     3 ||     5
